 Dungeon Crawl Stone Soup version 0.22-a0-538-g76cc104 (webtiles) character file.

131 inmateoo the Shield-Bearer (level 5, 0/42 HPs)
             Began as a Formicid Fighter on June 23, 2018.
             Killed by divine providence
             ... invoked by an orc priest
              (12 damage)
             ... on level 2 of the Dungeon.
             The game lasted 00:02:27 (2186 turns).

inmateoo the Shield-Bearer (Formicid Fighter)       Turns: 2186, Time: 00:02:28

Health: 0/42       AC:  7    Str: 22    XL:     5   Next: 37%
Magic:  5/5        EV:  8    Int:  7    God:
Gold:   100        SH:  9    Dex: 10    Spells: 4/4 levels left

rFire    . . .     SeeInvis +   a - +0 long sword
rCold    . . .     Gourm    .   c - +0 shield
rNeg     . . .     Faith    .   b - +0 scale mail
rPois    .         Spirit   .   (helmet unavailable)
rElec    .         Reflect  .   (no cloak)
rCorr    .         Harm     .   (no gloves)
MR       .....                  (no boots)
Stlth    ..........             (no amulet)
HPRegen  0.14/turn              i - ring of wizardry
MPRegen  0.09/turn              (no ring)

@: no status effects
A: permanent stasis, dig shafts and tunnels, four strong arms, antennae 3
a: Dig, Shaft Self


You were on level 2 of the Dungeon.
You were very hungry.

You visited 1 branch of the dungeon, and saw 3 of its levels.

You collected 100 gold pieces.

Inventory:

Hand Weapons
 a - a +0 long sword (weapon)
Armour
 b - a +0 scale mail (worn)
 c - a +0 shield (worn)
Jewellery
 i - a ring of wizardry (left hand)
Scrolls
 d - a scroll of noise {unknown}
 e - a scroll of fear {unknown}
 g - 2 scrolls of teleportation {unknown}
 l - a scroll of magic mapping {unknown}
 m - a scroll of identify {unknown}
 o - a scroll of enchant weapon {unknown}
Potions
 h - a potion of heal wounds {unknown}
 j - a potion of degeneration {unknown}
 k - a potion of berserk rage {unknown}
 n - 2 potions of curing {unknown}
Comestibles
 f - 7 rations


   Skills:
 + Level 3.9 Fighting
 * Level 3.4 Long Blades
 + Level 3.9 Armour
 + Level 1.3 Dodging
 + Level 4.2 Shields


You had 4 spell levels left.
You didn't know any spells.
Your spell library was empty.

Dungeon Overview and Level Annotations

Branches:
Dungeon (3/15)

Altars:
Qazlal


Innate Abilities, Weirdness & Mutations

You cannot be hasted, slowed, berserked, paralysed or teleported.
You can dig through walls and to a lower floor.
Your four strong arms can wield two-handed weapons with a shield.
You have a pair of large antennae on your head. (SInv)


Message History

You completely miss the orc priest.
The orc priest is lightly wounded.
You hit the orc priest.
The orc priest is moderately wounded.
The orc priest invokes the aid of Beogh against you.
Beogh smites you!
The orc priest calls down the wrath of Beogh upon you.
Pain shoots through your body!
* * * LOW HITPOINT WARNING * * *
The orc priest casts a cantrip, but nothing happens.
You climb upwards.
There is a stone staircase leading down here.
Unknown command.
Unknown command.
You are too injured to fight recklessly!
You slash the orc priest!
The orc priest is severely wounded.
The orc priest invokes the aid of Beogh against you.
Beogh smites you!
You die...

###.#######.# #.#####.#.
#.......#.# #.........
#######.#.# #.#.<..(#. #.#.#
############. #.#.#
#............ #.#.##
#.)...####### #.#..#
#.....##.....
#.#..####.....##.....
#.#.@...'......'.....
#########.#.o####..)..##.....
#........(#..# #.....##.###+
##.#####..#..####.######.# #.
#.#...#..#..#....# #.# #.
#.#.#.#.[#.......######.###.
#.#.#<#..#.............)....
#.#)###..#.##...............
#.#......#.##...#######.###.


You could see an orc priest.

Vanquished Creatures
  Natasha (thrice) (D:2)
  An adder (D:2)
  2 worms (D:2)
  2 dart slugs
  An orc (D:3)
  A giant cockroach (D:2)
  2 hobgoblins
  2 ball pythons
  9 bats
  5 frilled lizards
  5 goblins
  6 kobolds
  7 rats
46 creatures vanquished.

Notes
Turn   | Place    | Note
-------+----------+-------------------------------------------
     0 | D:1      | inmateoo the Formicid Fighter began the quest for the Orb.
     0 | D:1      | Reached XP level 1. HP: 18/18 MP: 1/1
    48 | D:1      | Reached XP level 2. HP: 21/24 MP: 2/2
   526 | D:2      | Reached XP level 3. HP: 26/29 MP: 3/3
   835 | D:2      | Noticed Natasha
   848 | D:2      | Killed Natasha
   848 | D:2      | Reached skill level 1 in Dodging
   848 | D:2      | Reached XP level 4. HP: 9/37 MP: 4/4
  1140 | D:2      | Reached skill level 4 in Shields
  1350 | D:2      | Noticed Natasha
  1355 | D:2      | Killed Natasha
  1555 | D:2      | Noticed Natasha
  1570 | D:2      | Killed Natasha
  1570 | D:2      | Reached XP level 5. HP: 25/42 MP: 5/5
  1632 | D:2      | Found a stormy altar of Qazlal.
  2186 | D:2      | Killed from afar by an orc priest

Vault maps used:
D:1:      matt_arrival_spirals
D:2:      grunt_qazlal_clouds, uniq_natasha
D:3:      interstate_on_off, uniq_robin, uniq_terence

Skill      XL: |  1  2  3  4 |
---------------+-------------+-----
Dodging        | 1 |  1.3
Long Blades    | 3 |  3.4
Shields        | 4 |  4.2
Fighting       | |  3.9
Armour         | |  3.9

Action                   |  1- 3 |  4- 6 || total
-------------------------+-------+-------++-------
Melee: Long sword        |    78 |    88 ||   166
  Use: Potion            |     1 |       ||     1
  Eat: Chunk             |       |     3 ||     3
Armor: Scale mail        |    43 |    37 ||    80
Dodge: Dodged            |    27 |    21 ||    48
Block: Shield            |    41 |    43 ||    84
       Rpst.: Long sword |    10 |     5 ||    15

Table legend:
 A = Spawn XP
 B = Non-spawn XP
 C = Spawn XP percentage of total XP
 D = Spawn monster count
 E = Non-spawn monster count
 F = Spawn count percentage of total count
 G = Total turns spent on level
                    A         B        C        D         E        F      G
               +---------+---------+-------+---------+---------+-------+---------
         Total |       0 |     188 |   0.0 |       0 |      46 |   0.0 |  2186
               +---------+---------+-------+---------+---------+-------+---------
           D:1 |       0 |      26 |   0.0 |       0 |      19 |   0.0 |   498
           D:2 |       0 |     159 |   0.0 |       0 |      26 |   0.0 |  1666
           D:3 |       0 |       3 |   0.0 |       0 |       1 |   0.0 |    22
               +---------+---------+-------+---------+---------+-------+---------
